 Dungeon Crawl Stone Soup version 0.30-b1-2-g02819fbbbe (webtiles) character file.

Game seed: 2572345551626977591

1150 krest9999 the Cleaver (level 8, -1/103 HPs)
             Began as a Hill Orc Fighter on Nov 18, 2023.
             Was a Believer of Beogh.
             Killed by divine providence
             ... invoked by an orc priest
              (8 damage)
             ... on level 6 of the Dungeon.
             The game lasted 00:11:01 (4963 turns).

krest9999 the Cleaver (Hill Orc Fighter)            Turns: 4963, Time: 00:11:02

Health: -1/103     AC: 24    Str: 21    XL:     8   Next: 38%
Magic:  11/11      EV:  2    Int: 12    God:    Beogh [**....]
Gold:   425        SH:  4    Dex: 10    Spells: 7/7 levels left

rFire   . . .        a - +0 war axe
rCold   . . .        c - +0 buckler
rNeg    + . .        y - melded +0 chain mail
rPois   +            t - melded +0 helmet
rElec   .            B - melded +0 cloak
rCorr   .            (gloves currently unavailable)
SInv    .            (boots currently unavailable)
Will    .....        (no amulet)
Stlth   +            z - ring of the Slimy God {rN+ Int+4}
HPRegen 0.37/turn    (no ring)
MPRegen 0.12/turn

%: no passive effects
@: tree-form
A: stationary, stasis, torment immunity, boosted hp
a: Renounce Religion, Smiting


You were on level 6 of the Dungeon.
You worshipped Beogh.
Beogh was pleased with you.
You were a tree.
You visited 1 branch of the dungeon, and saw 6 of its levels.
You also visited: Ossuary.

You collected 425 gold pieces.

Inventory:

Hand Weapons
 a - a +0 war axe (weapon)
 l - a +2 falchion of flaming
Missiles
 g - 4 boomerangs
 s - 10 poisoned darts
Armour
 c - a +0 buckler (worn)
 t - a +0 helmet (melded)
 y - a +0 chain mail (melded)
 B - a +0 cloak (melded)
Jewellery
 z - the ring of the Slimy God (left branch) {rN+ Int+4}
   (You found it on level 4 of the Dungeon)

   [ring of positive energy]

   Int:       It affects your intelligence (+4).
   rN:        It protects you from negative energy.
Wands
 C - a wand of mindburst (11) (quivered)
Scrolls
 b - a scroll of blinking {unknown}
 e - 2 scrolls of immolation
 h - a scroll of poison
 k - a scroll of brand weapon {unknown}
 m - a scroll of amnesia {unknown}
 n - 2 scrolls of teleportation {unknown}
 o - a scroll of fog {unknown}
 q - 3 scrolls of fear
 x - a scroll of enchant weapon {unknown}
 D - a scroll of enchant armour {unknown}
Potions
 d - a potion of haste {unknown}
 f - a potion of mutation {unknown}
 i - 2 potions of degeneration {unknown}
 j - 3 potions of flight {unknown}
 p - 3 potions of curing {unknown}
 r - a potion of brilliance {unknown}
 u - 5 potions of lignification
 v - 2 potions of resistance {unknown}
 w - 2 potions of invisibility {unknown}
 A - a potion of heal wounds {unknown}


   Skills:
 + Level 5.6 Fighting
 + Level 8.8 Axes
 + Level 5.7 Armour
 + Level 4.1 Shields
 * Level 4.7 Invocations
 + Level 0.7 Evocations


You had 7 spell levels left.
You didn't know any spells.
Your spell library contained the following spells:

 Spells                   Type           Power      Damage    Failure   Level
 Frozen Ramparts          Ice            0%         1d1       77%         3
 Ice Form                 Ice/Tmut       0%         N/A       99%         4
 Summon Ice Beast         Ice/Summ       0%         N/A       99%         4


Dungeon Overview and Level Annotations

Branches:
Dungeon (6/15)            Ossuary (visited)
 Temple: D:4-7

Altars:
Dithmenos
Elyvilon
Fedhas
Hepliaklqana
Makhleb
Ru
Uskayaw
Zin

Shops:
D:6 :


Message History

Things that are here:
a +0 hand axe; a +0 leather armour; an orc corpse The orc warrior hits you from afar with a +0 trident.
The orc priest calls down the wrath of Beogh upon you.
Beogh smites you! You block the orc warrior's attack.
The orc priest calls down the wrath of Beogh upon you.
Beogh smites you! You block the orc warrior's attack.
The orc priest hits you with a +0 war axe.
You closely miss the orc priest.
You hit the orc warrior but do no damage.
The orc priest hits you but does no damage.
The orc warrior hits you with a +0 trident!
You slash the orc priest!
The orc priest is severely wounded.
You closely miss the orc warrior.
The orc priest hits you with a +0 war axe!
* * * LOW HITPOINT WARNING * * *
The orc warrior hits you with a +0 trident!
* * * LOW HITPOINT WARNING * * *
The orc warrior hits you with a +0 trident.
* * * LOW HITPOINT WARNING * * *
The orc priest casts a cantrip, but nothing happens.
It was a potion of lignification.
You turn into a tree.
Your +0 cloak melds into your body.
Your +0 helmet melds into your body.
Your +0 chain mail melds into your body.
Your roots penetrate the ground.
The orc warrior hits you with a +0 trident.
* * * LOW HITPOINT WARNING * * *
The orc priest hits you but does no damage.
You barely miss the orc priest.
The orc priest is severely wounded.
You hit the orc warrior.
The orc warrior hits you with a +0 trident.
* * * LOW HITPOINT WARNING * * *
The orc priest calls down the wrath of Beogh upon you.
Beogh smites you!
You die...
Beogh appreciates the orc priest's killing of a heretic priest.

#########.......#
+.....#.......#
#.!...'.......#
#.....#.......#
#.....#.......#
####..#########
#..####))##.....#
#........o......#
#........♣o.....#
#..<............#
#######..####+###
####


You could see an orc warrior and an orc priest.

Vanquished Creatures
  An ogre (D:4)
  A centaur (D:5)
  An elf zombie (Ossuary)
  Blork the orc (D:4)
  A scorpion (D:5)
  2 centaur zombies (Ossuary)
  A jelly (D:5)
  4 hounds
  An orc priest (D:5)
  A gnoll bouda (D:5)
  3 iguanas
  4 orc wizards
  3 mummies (Ossuary)
  Robin (D:3)
  7 gnolls
  8 adders
  3 adder zombies (Ossuary)
  2 worms
  2 dart slugs
  17 orcs
  4 ball pythons
  5 endoplasms
  3 giant cockroaches
  2 gnoll zombies (Ossuary)
  17 goblins
  9 hobgoblins
  4 quokkas
  4 bats
  3 frilled lizards
  2 goblin zombies (Ossuary)
  7 hobgoblin zombies (Ossuary)
  2 jackal zombies (Ossuary)
  8 kobolds
  3 kobold zombies (Ossuary)
  2 orc zombies (Ossuary)
  3 quokka zombies (Ossuary)
  4 rats
  5 rat zombies (Ossuary)
151 creatures vanquished.

Vanquished Creatures (others)
  3 orcs (D:3)
  5 plants (D:3)
8 creatures vanquished.

Grand Total: 159 creatures vanquished

Notes
Turn   | Place    | Note
-------+----------+-------------------------------------------
     0 | D:1      | krest9999 the Hill Orc Fighter began the quest for the Orb.
     0 | D:1      | Reached XP level 1. HP: 19/19 MP: 1/1
    48 | D:1      | Reached skill level 3 in Axes
    48 | D:1      | Reached XP level 2. HP: 12/27 MP: 2/2
   191 | D:1      | Reached XP level 3. HP: 27/33 MP: 3/3
   628 | D:1      | Reached skill level 4 in Axes
   731 | D:2      | Reached XP level 4. HP: 33/40 MP: 4/4
   779 | D:2      | Found a faded altar of an unknown god.
  1345 | D:3      | Found a glowing silver altar of Zin.
  1392 | D:3      | Found a shadowy altar of Dithmenos.
  1561 | D:3      | Noticed Robin
  1579 | D:3      | Killed Robin
  1580 | D:3      | Reached skill level 5 in Axes
  1580 | D:3      | Reached XP level 5. HP: 31/47 MP: 5/5
  1646 | D:3      | Found a burning altar of Makhleb.
  1728 | D:3      | Found a sacrificial altar of Ru.
  1728 | D:3      | Found a hide-covered altar of Uskayaw.
  1794 | D:3      | Became a worshipper of Beogh the Brigand
  1800 | D:3      | Found a blossoming altar of Fedhas.
  2175 | D:4      | Noticed an ogre
  2244 | D:4      | Found a sand-covered staircase.
  2253 | Ossuary  | Entered an ossuary
  2453 | Ossuary  | Reached * piety under Beogh
  2471 | Ossuary  | Reached skill level 1 in Invocations
  2505 | Ossuary  | Reached skill level 6 in Axes
  2505 | Ossuary  | Reached XP level 6. HP: 38/53 MP: 5/7
  2785 | D:4      | Identified the ring of the Slimy God {rN+ Int+4}
  2982 | D:4      | Found a white marble altar of Elyvilon.
  3093 | D:4      | Reached XP level 7. HP: 60/60 MP: 8/8
  3129 | D:4      | Reached skill level 7 in Axes
  3266 | D:4      | Reached skill level 5 in Fighting
  3449 | D:5      | Entered Level 5 of the Dungeon
  3620 | D:5      | Reached ** piety under Beogh
  3621 | D:5      | Reached skill level 5 in Armour
  3843 | D:5      | Reached skill level 8 in Axes
  4039 | D:5      | Noticed Blork the orc
  4045 | D:4      | Killed Blork the orc
  4046 | D:4      | Reached XP level 8. HP: 63/68 MP: 10/10
  4746 | D:6      | Found Pef Apnoawn's Book Shoppe.
  4835 | D:6      | Found a hazy altar of Hepliaklqana.
  4963 | D:6      | Killed from afar by an orc priest

Illustrated notes

Levels and vault maps discovered:
D:1:      eino_arrival_tree_alley, layout_basic, st_stairs_4
D:2:      layout_basic, nicolae_ecumenical_oubliette, kennysheep_flooded_box
D:3:      layout_basic, amcnicky_altar_gilded, fedhas_ov_isle_minmay,
          mainiacjoe_overflow_catwalk_spiral,
          mainiacjoe_overflow_large_starburst, kennysheep_generic_room_16,
          uniq_robin
D:4:      layout_basic, mainiacjoe_overflow_tiny_flanked,
          nicolae_ossuary_entry_monument
D:5:      layout_basic, uniq_blork_the_orc
D:6:      layout_gridville, old_standard_altar, mainiacjoe_overflow_big_doors,
          serial_shops, shop, cheibrodos_sewer_entry_bend,
          sigmund_edmund_badplayer, uniq_prince_ribbit1

Skill      XL: |  1  2  3  4  5  6  7  8 |
---------------+-------------------------+-----
Axes           | 3 4 5 6 8 |  8.8
Fighting       | 4 5 |  5.6
Armour         | 4 5 |  5.7
Invocations    | 1 2 3 4 |  4.7
Shields        | 4 |  4.1
Evocations     | |  0.7

Action                     |  1- 3 |  4- 6 |  7- 9 || total
---------------------------+-------+-------+-------++-------
  Melee: War axe           |    78 |   189 |   129 ||   396
 Invoke: Convert to Beogh  |       |     1 |       ||     1
  Evoke: Wand              |       |     3 |     4 ||     7
    Use: Scroll            |       |     4 |     1 ||     5
         Potion            |       |       |     2 ||     2
 Armour: Scale mail        |    28 |    45 |       ||    73
         Chain mail        |       |    67 |    81 ||   148
         Skin              |       |       |     1 ||     1
  Dodge: Dodged            |    46 |    82 |    69 ||   197
  Block: Buckler           |    20 |    39 |    41 ||   100
